 Dungeon Crawl Stone Soup version 0.22-a0-99-g1ac4c55 (console) character file.

1722 yesno the Conjurer (level 9, 17/52 HPs)
             Began as a Kobold Conjurer on Jan 26, 2018.
             Was a Priest of the Shining One.
             Quit the game on level 8 of the Dungeon.
             The game lasted 00:37:12 (7007 turns).

yesno the Conjurer (Kobold Conjurer)                Turns: 7007, Time: 00:37:13

Health: 17/52      AC:  6    Str:  5    XL:     9   Next: 24%
Magic:  3/15       EV: 17    Int: 19    God:    the Shining One [***...]
Gold:   286        SH:  8    Dex: 16    Spells: 4/17 levels left

rFire    . . .     SeeInvis .   a - +1 spear
rCold    . . .     Gourm    .   k - +2 buckler
rNeg     + . .     Faith    .   f - +0 robe
rPois    .         Spirit   +   v - +0 helmet
rElec    +         Reflect  .   (no cloak)
rCorr    .         Harm     .   d - +2 pair of gloves
MR       +....                  (no boots)
Stlth    +.........             j - amulet of guardian spirit
HPRegen  0.17/turn              m - ring of protection from magic
MPRegen  0.14/turn              (no ring)

@: glowing
A: small, blink, carnivore, electricity resistance
a: Blink, Divine Shield, Renounce Religion


You were on level 8 of the Dungeon.
You worshipped the Shining One.
The Shining One was most pleased with you.
You were full.

You visited 1 branch of the dungeon, and saw 8 of its levels.
You also visited: Ossuary.

You collected 286 gold pieces.

Inventory:

Hand Weapons
 a - a +1 spear (weapon)
Armour
 d - a +2 pair of gloves (worn)
 f - a +0 robe (worn)
 k - a +2 buckler (worn)
 v - a +0 helmet (worn)
Jewellery
 j - an amulet of guardian spirit (around neck)
 m - a ring of protection from magic (left hand)
Scrolls
 e - 3 scrolls of identify
 g - 6 scrolls of random uselessness
 h - a scroll of amnesia
 n - 2 scrolls of magic mapping
 p - a scroll of noise
 q - 2 scrolls of remove curse
Potions
 i - a potion of cancellation
 l - 6 potions of degeneration {unknown}
 r - a potion of haste
 s - 4 potions of curing
 t - 3 potions of lignification {unknown}
 u - a potion of flight {unknown}
 w - a potion of mutation
Books
 b - a book of Conjurations

   Spells                             Type                      Level
   a - Magic Dart                     Conjuration                  1
   b - Searing Ray                    Conjuration                  2
   c - Dazzling Spray                 Conjuration/Hexes            3
   d - Fulminant Prism                Conjuration/Hexes            4
   e - Force Lance                    Conjuration/Translocation    4
   f - Iskenderun's Mystic Blast      Conjuration                  4
 o - a book of Misfortune

   Spells                             Type                      Level
   a - Confusing Touch                Hexes                        1
   b - Confuse                        Hexes                        3
   c - Gell's Gravitas                Translocation                3
   d - Petrify                        Transmutation/Earth          4
   e - Metabolic Englaciation         Hexes/Ice                    5
   f - Yara's Violent Unravelling     Hexes/Transmutation          5
Comestibles
 c - 9 rations


   Skills:
 * Level 4.1 Fighting
 * Level 4.7 Dodging
 - Level 4.8 Stealth
 - Level 3.5 Shields
 + Level 4.5 Spellcasting
 * Level 7.3 Conjurations
 + Level 3.6 Hexes


You had 4 spell levels left.
You knew the following spells:

 Your Spells              Type           Power        Failure   Level  Hunger
a - Magic Dart            Conj           ####         1%          1    None
b - Searing Ray           Conj           ####..       1%          2    #......
c - Iskenderun's Mystic   Conj           ####....     8%          4    ####...
d - Dazzling Spray        Conj/Hex       ####..       4%          3    ###....
e - Confuse               Hex            ###.....     10%         3    ###....


Dungeon Overview and Level Annotations

Branches:
Dungeon (8/15)             Temple (0/1) D:4            Lair (0/6) D:8

Altars:
Ashenzari
Cheibriados
Dithmenos
Kikubaaqudgha
Makhleb
Sif Muna
Xom
Zin
The Shining One

Shops:
D:5 :

Annotations:
D:2 exclusion: leopard gecko
D:5 listentometal's ghost, novice OpTm
D:7 riftsalad's ghost, novice TrVM


Innate Abilities, Weirdness & Mutations

You are small and have problems with some larger weapons.
You are carnivorous and can eat meat at any time.
You can translocate small distances at will.
You are resistant to electric shocks. (rElec)


Message History

The orc warrior is healed somewhat.
Found a ration.
There is a stone staircase leading up here.
The orc warrior barely misses you.
You climb upwards.
Level annotation: riftsalad's ghost, novice TrVM Riftsalad's ghost closely misses you.
There is a stone staircase leading down here.
Riftsalad's ghost hits you. The orc warrior closely misses you.
You climb downwards.
There is a stone staircase leading up here.
You take 6 damage, and have 36/52 hp.
The orc warrior barely misses you.
The orc priest miscasts a cantrip.
The orc warrior hits you with a scimitar!
You take 11 damage, and have 26/52 hp.
MASSIVE DAMAGE!!
You now have 3/15 mp.
The orc priest mumbles some strange prayers to Beogh against you.
Beogh smites you!
You take 9 damage, and have 17/52 hp.
Are you sure you want to abandon this character and quit the game? (Confirm with "yes".)

♥··▒▒ ▒·· ▒·▒···· ▒·▒ ·····▒ ▒·▒
▒▒▒▒▒▒▒▒····▒ ▒·▒ ▒···········▒
▒·▒ ▒··▒·▒▒····▒ ▒▒▒▒▒▒··
▒··▒·▒▒·▒··▒ ▒······▒
▒····▒▒··o·▒▒▒▒▒▒▒▒·▒
▒▒▒▒▒▒▒▒▒▒▒▒▒··▒@▒▒·▒····o·o·▒▒·▒
··················o<▒·▒▒▒▒▒▒·▒▒·▒
··▒▒▒·▒···▒▒▒·▒▒··o·▒·▒ ▒····▒
▒··▒▒·▒·····▒·········▒ ▒·▒▒o▒
···▒▒···8···▒▒▒▒·▒··▒·▒ ▒·▒▒·▒
····▒···········▒▒··▒·▒▒▒▒▒▒·▒▒·▒
·▒▒·▒·8···8··········<··········▒
·▒▒·▒······▒▒▒··▒▒·▒▒·▒·········o
···>····8··▒▒▒▒▒▒▒▒▒▒▒▒··▒▒▒▒▒▒▒▒


You could see an orc warrior and an orc priest.

Vanquished Creatures
  A hungry ghost (D:8)
  An orc warrior (D:6)
  A sky beast (D:8)
  A phantom (D:4)
  3 centaurs
  2 bullfrogs (D:6)
  3 scorpions
  A howler monkey (D:5)
  A bullfrog zombie (D:5)
  3 centaur zombies (Ossuary)
  A quasit (D:4)
  2 jellies
  4 hounds
  2 iron imps
  2 centaur skeletons
  An orc wizard (D:6)
  3 worker ants
  4 mummies (Ossuary)
  2 gnolls
  4 adders
  A shadow imp (D:5)
  An ooze (D:3)
  A worm (D:2)
  5 dart slugs
  5 leopard geckos
  13 orcs
  A ball python (D:1)
  8 giant cockroaches
  13 goblins
  7 hobgoblins
  5 jackals
  10 kobolds
  A quokka (D:5)
  3 bats
  8 frilled lizards
  5 orc zombies (Ossuary)
  A quokka zombie (D:5)
  6 rats
136 creatures vanquished.

Notes
Turn   | Place    | Note
-------+----------+-------------------------------------------
     0 | D:1      | yesno the Kobold Conjurer began the quest for the Orb.
     0 | D:1      | Reached XP level 1. HP: 10/10 MP: 3/3
   216 | D:1      | Reached XP level 2. HP: 15/15 MP: 0/5
   413 | D:1      | Learned a level 2 spell: Searing Ray
   650 | D:1      | Reached XP level 3. HP: 19/19 MP: 1/6
  1131 | D:2      | Found a faded altar of an unknown god.
  1137 | D:2      | Reached XP level 4. HP: 24/24 MP: 4/7
  1142 | D:2      | Became a worshipper of the Shining One
  1142 | D:2      | Reached * piety under the Shining One
  1208 | D:2      | Learned a level 4 spell: Iskenderun's Mystic Blast
  1480 | D:2      | Noticed a centaur
  1492 | D:2      | Killed a centaur
  1492 | D:2      | Reached skill level 1 in Fighting
  1492 | D:2      | Reached skill level 5 in Conjurations
  1492 | D:2      | Reached XP level 5. HP: 8/29 MP: 1/9
  1866 | D:2      | Found a shattered altar of Ashenzari.
  2057 | D:2      | Found a glowing silver altar of Zin.
  2221 | D:2      | Learned a level 3 spell: Dazzling Spray
  2803 | D:3      | Reached XP level 6. HP: 34/34 MP: 7/11
  3088 | D:3      | Reached skill level 1 in Shields
  3192 | D:4      | Found an ancient bone altar of Kikubaaqudgha.
  3208 | D:4      | Noticed a phantom
  3668 | D:4      | Found a burning altar of Makhleb.
  3730 | D:4      | Found a staircase to the Ecumenical Temple.
  3841 | D:4      | Killed a phantom
  3841 | D:4      | Reached skill level 1 in Hexes
  3841 | D:4      | Reached XP level 7. HP: 38/38 MP: 5/12
  4031 | D:4      | Found a shimmering altar of Xom.
  4034 | D:4      | Found a shimmering altar of Xom.
  4051 | D:4      | Found a shimmering altar of Xom.
  4303 | D:5      | Entered Level 5 of the Dungeon
  4313 | D:5      | Noticed listentometal's ghost (novice OpTm)
  4931 | D:5      | Reached ** piety under the Shining One
  5102 | D:5      | Reached XP level 8. HP: 43/43 MP: 1/13
  5219 | D:6      | Learned a level 3 spell: Confuse
  5231 | D:6      | Found a deep blue altar of Sif Muna.
  5260 | D:6      | Found a shadowy altar of Dithmenos.
  5272 | D:6      | Reached skill level 6 in Conjurations
  5556 | D:6      | Found an ancient bone altar of Kikubaaqudgha.
  5909 | D:5      | Gained mutation: You are resistant to electric shocks. (rElec) [potion of mutation]
  5909 | D:5      | Gained mutation: You can translocate small distances at will. [potion of mutation]
  5911 | D:5      | Found Todgh's Book Emporium.
  6143 | D:7      | Noticed riftsalad's ghost (novice TrVM)
  6338 | D:8      | Found a sand-covered staircase.
  6341 | D:8      | Found a staircase to the Lair.
  6346 | Ossuary  | Entered an ossuary
  6569 | Ossuary  | Reached *** piety under the Shining One
  6759 | D:8      | Reached skill level 7 in Conjurations
  6759 | D:8      | Reached XP level 9. HP: 34/51 MP: 6/15
  6931 | D:8      | Found a snail-covered altar of Cheibriados.
  7007 | D:8      | Quit the game

Vault maps used:
D:1:      lemuel_arrival_behind_the_door_large, serial_bayou_crossing
D:2:      overflow_temple_1_default, ashenzari_conservatory_becter,
          first_ration, chequers_ecumenical_altar_simple_redux,
          minmay_surrounded
D:4:      lemuel_round_altar, makhleb_grotto_becter,
          minmay_temple_entry_enclosed_plants, xom_redecorated
D:5:      kennysheep_windowed_halls, gammafunk_temple_overflow_statue,
          serial_shops, kennysheep_little_box, shop, nicolae_shop_stone, shop,
          shop
D:6:      nicolae_dithmenos_the_darkroom, lemuel_round_altar,
          lemuel_crystal_altar, basic_altar
D:7:      dk_yredelemnul_ordeal
D:8:      minmay_klotski, slow_altar_2, lair_entry_dummy,
          nicolae_ossuary_entry_monument, special_room
Ossuary:  ossuary_crypta

Skill      XL: |  1  2  3  4  5  6  7  8  9 |
---------------+----------------------------+-----
Stealth        | 3 4 |  4.8
Fighting       | 1 3 4 |  4.1
Dodging        | 3 4 |  4.7
Spellcasting   | 3 4 |  4.5
Conjurations   | 5 7 |  7.3
Shields        | 2 3 |  3.5
Hexes          | 1 2 3 |  3.6

Action                   |  1- 3 |  4- 6 |  7- 9 || total
-------------------------+-------+-------+-------++-------
Melee: Spear             |     7 |    15 |    73 ||    95
       Unarmed           |     1 |       |       ||     1
       Dagger            |    20 |    20 |       ||    40
 Cast: Magic Dart        |    51 |   122 |    43 ||   216
       Searing Ray       |       |     6 |    41 ||    47
       Confuse           |       |       |     3 ||     3
 Abil: Blink             |       |       |     3 ||     3
Evoke: Wand              |       |       |     4 ||     4
  Use: Scroll            |     4 |     5 |     4 ||    13
       Potion            |       |     1 |     4 ||     5
 Stab: Sleeping          |     5 |       |       ||     5
  Eat: Chunk             |    10 |     7 |     9 ||    26
Armor: Robe              |     6 |    13 |    18 ||    37
Dodge: Dodged            |    13 |    50 |   110 ||   173
Block: Buckler           |       |     1 |    58 ||    59

Table legend:
 A = Spawn XP
 B = Non-spawn XP
 C = Spawn XP percentage of total XP
 D = Spawn monster count
 E = Non-spawn monster count
 F = Spawn count percentage of total count
 G = Total turns spent on level
                    A         B        C        D         E        F      G
               +---------+---------+-------+---------+---------+-------+---------
         Total |       0 |    2461 |   0.0 |       0 |     136 |   0.0 |  7007
               +---------+---------+-------+---------+---------+-------+---------
           D:1 |       0 |      54 |   0.0 |       0 |      29 |   0.0 |  1067
           D:2 |       0 |     180 |   0.0 |       0 |      31 |   0.0 |  1222
           D:3 |       0 |     131 |   0.0 |       0 |      17 |   0.0 |   936
           D:4 |       0 |     283 |   0.0 |       0 |       9 |   0.0 |  1552
           D:5 |       0 |     374 |   0.0 |       0 |      14 |   0.0 |   442
           D:6 |       0 |     638 |   0.0 |       0 |      17 |   0.0 |   704
           D:7 |       0 |      39 |   0.0 |       0 |       1 |   0.0 |   256
           D:8 |       0 |     557 |   0.0 |       0 |       6 |   0.0 |   455
       Ossuary |       0 |     205 |   0.0 |       0 |      12 |   0.0 |   373
               +---------+---------+-------+---------+---------+-------+---------
